 Dungeon Crawl Stone Soup version 0.29.1-2-gbd0b4ee654 (webtiles) character file.

Game seed: 12856383074292450246

92 GorkyZ the Gusty (level 4, -6/28 HPs)
             Began as an Octopode Air Elementalist on Nov 17, 2022.
             Killed from afar by Natasha (10 damage)
             ... with a magic dart
             ... on level 2 of the Dungeon.
             The game lasted 00:13:02 (2140 turns).

GorkyZ the Gusty (Octopode Air Elementalist)        Turns: 2140, Time: 00:13:04

Health: -6/28      AC:  1    Str:  7    XL:     4   Next: 60%
Magic:  1/7        EV: 13    Int: 19    God:
Gold:   44         SH:  0    Dex: 12    Spells: 6/8 levels left

rFire   . . .      SeeInvis .   b - +0 dagger
rCold   . . .      Faith    .   (no shield)
rNeg    . . .      Spirit   .   (helmet restricted)
rPois   .          Reflect  .   (no amulet)
rElec   .          Harm     .   (no ring)
rCorr   .          Rampage  .   (no ring)
Will    .....                   (no ring)
Stlth   +++.......              (no ring)
HPRegen 0.09/turn               (no ring)
MPRegen 0.10/turn               (no ring)
                                (no ring)
                                (no ring)

@: no status effects
A: almost no armour, amphibious, 8 rings, camouflage 1, gelatinous body 1,
(nimble swimmer 1), tentacles
a: no special abilities


You were on level 2 of the Dungeon.
You visited 1 branch of the dungeon, and saw 2 of its levels.

You collected 44 gold pieces.

Inventory:

Hand Weapons
 b - a +0 dagger (weapon)
 i - a +2 dagger of distortion
Jewellery
 h - a ring of poison resistance
Scrolls
 c - a scroll of poison {unknown}
 d - a scroll of vulnerability {unknown}
 e - a scroll of teleportation {unknown}
 g - a scroll of immolation {unknown}
Potions
 a - a potion of magic
 j - a potion of ambrosia


   Skills:
 + Level 1.2 Fighting
 + Level 2.6 Dodging
 - Level 2.9 Stealth
 + Level 2.6 Spellcasting
 + Level 1.8 Conjurations
 + Level 0.4 Transmutations
 + Level 3.4 Air Magic
 + Level 0.7 Poison Magic


You had 6 spell levels left.
You knew the following spells:

 Your Spells              Type           Power      Damage    Failure   Level
a - Shock                 Conj/Air       48%        1d6       5%          1
b - Sting                 Tmut/Pois      16%        1d3       13%         1

Your spell library contained the following spells:

 Spells                   Type           Power      Damage    Failure   Level
 Static Discharge         Conj/Air       12%        3-5/arc   9%          2
 Poisonous Vapours        Pois/Air       20%        N/A       10%         2
 Swiftness                Air            15%        N/A       12%         3
 Airstrike                Air            7%         2d(2-18)  36%         4
 Olgreb's Toxic Radiance  Pois           5%         N/A       75%         4


Dungeon Overview and Level Annotations

Branches:
Dungeon (2/15)

Altars:

Shops:
D:1 *

Annotations:
D:2 Natasha


Innate Abilities, Weirdness & Mutations

You cannot wear most types of armour.
You are amphibious.
You can wear up to eight rings at the same time.
Your skin changes colour to match your surroundings (Stealth+).
Your rubbery body absorbs attacks. (AC +1, EV +1)
((You are camouflaged when in or above water. (Stealth+)))
You have tentacles for arms and can constrict up to eight enemies at once.


Message History

Aim: Natasha, carrying a wand of quicksilver (7) (lightly wounded, 60% to hit)
The zap hits Natasha.
Natasha is moderately wounded.
The zap hits Natasha.
Natasha is heavily wounded.
Natasha stares at you and mumbles some strange words.
The magic dart hits you!
Casting: Shock (safe; 5% risk of failure)
Confirm with . or Enter, or press ? or * to list all spells.
Aiming: Shock (safe; 5% risk of failure)
Press: ? - help, Shift-Dir - straight line, f/p - Natasha
Aim: Natasha, carrying a wand of quicksilver (7) (heavily wounded, 60% to hit)
The zap hits Natasha.
Natasha is severely wounded.
The zap hits Natasha.
Natasha is severely wounded.
Casting: Shock (safe; 5% risk of failure)
Confirm with . or Enter, or press ? or * to list all spells.
Aiming: Sting (safe; 13% risk of failure)
Press: ? - help, Shift-Dir - straight line, f/p - Natasha
Aim: Natasha, carrying a wand of quicksilver (7) (severely wounded, 55% to hit)
The sting misses Natasha.
Casting: Sting (safe; 13% risk of failure)
Confirm with . or Enter, or press ? or * to list all spells.
Aiming: Sting (safe; 13% risk of failure)
Press: ? - help, Shift-Dir - straight line, f/p - Natasha
Aim: Natasha, carrying a wand of quicksilver (7) (severely wounded, 55% to hit)
The sting misses Natasha.
Natasha zaps a wand.
The bolt of dispelling energy hits you!
Ouch! That really hurt!
* * * LOW HITPOINT WARNING * * *
Casting: Sting (safe; 13% risk of failure)
Confirm with . or Enter, or press ? or * to list all spells.
Aiming: Sting (safe; 13% risk of failure)
Press: ? - help, Shift-Dir - straight line, f/p - Natasha
Aim: Natasha, carrying a wand of quicksilver (6) (severely wounded, 55% to hit)
The sting misses Natasha.
Natasha stares at you and mumbles some strange words.
The magic dart hits you!
You die...

...
.................####
.##
.#.#.#.#.#.#[#.#....#
.. .
...................#
..
...#.#.#.#.#.#.#######
.. ..............## ..
. ..#.#.#.#.#.# .. .?.
.........## ..
.....#.#.#.#.# ..
#...h@....## ..
#..#..##### .
.<.....## ...##.. ##.
##


You could see Natasha.

Vanquished Creatures
  Natasha (D:2)
  A gnoll (D:1)
  An adder (D:2)
  An endoplasm (D:1)
  3 giant cockroaches (D:1)
  6 goblins
  6 hobgoblins
  12 jackals
  3 kobolds
  2 ball pythons (D:1)
  4 bats
  2 frilled lizards (D:1)
  A rat (D:1)
43 creatures vanquished.

Notes
Turn   | Place    | Note
-------+----------+-------------------------------------------
     0 | D:1      | GorkyZ the Octopode Air Elementalist began the quest for
                  | the Orb.
     0 | D:1      | Reached XP level 1. HP: 11/11 MP: 3/3
   259 | D:1      | Reached XP level 2. HP: 17/17 MP: 3/5
   456 | D:1      | Found Deom's Assorted Antiques.
   569 | D:1      | Reached XP level 3. HP: 21/22 MP: 2/6
   854 | D:1      | Found a faded altar of an unknown god.
  1546 | D:1      | Reached skill level 1 in Fighting
  1800 | D:2      | Learned a level 1 spell: Sting
  1973 | D:2      | Noticed Natasha
  1978 | D:2      | HP: 1/23 [Natasha/bolt of dispelling energy (18)]
  1990 | D:2      | Killed Natasha
  1991 | D:2      | Reached XP level 4. HP: 24/28 MP: 7/7
  2134 | D:2      | Noticed Natasha
  2140 | D:2      | Killed from afar by Natasha

Illustrated notes

Levels and vault maps discovered:
D:1:      dpeg_arrival_rooms_c, layout_basic,
          hellmonk_ecumenical_altar_dog_temple, serial_shops, shop
D:2:      layout_rooms, hex_medium, nrook_uturn, uniq_natasha

Skill      XL: |  1  2  3 |
---------------+----------+-----
Fighting       | 1 |  1.2
Dodging        | |  2.6
Stealth        | |  2.9
Spellcasting   | |  2.6
Conjurations   | |  1.8
Transmutations | |  0.4
Air Magic      | |  3.4
Poison Magic   | |  0.7

Action                   |  1- 3 |  4- 6 || total
-------------------------+-------+-------++-------
Melee: Dagger            |    31 |     9 ||    40
       Constrict         |     8 |     3 ||    11
       Tentacles         |     7 |     1 ||     8
 Cast: Shock             |    73 |     3 ||    76
       Sting             |       |     9 ||     9
  Use: Potion            |     3 |       ||     3
Armor: Skin              |     2 |     2 ||     4
Dodge: Dodged            |    32 |    11 ||    43
